 Seeded DCSS version 0.29.0-7-g18a832c13a (webtiles) character file.

Game seed: 1 (custom seed)

849 Kazon the Slasher (level 7, 0/88 HPs)
             Began as a Demigod Fighter on Aug 31, 2022.
             Succumbed to a water moccasin's poison
             ... on level 4 of the Dungeon.
             The game lasted 00:12:28 (2997 turns).

Kazon the Slasher (Demigod Fighter)                 Turns: 2997, Time: 00:12:29

Health: 0/88       AC: 11    Str: 21    XL:     7   Next: 41%
Magic:  9/9        EV: 10    Int:  6    God:
Gold:   83         SH:  7    Dex: 17    Spells: 6/6 levels left

rFire   . . .      SeeInvis +   s - +3 falchion of Winter {venom, rCorr}
rCold   . . .      Faith    .   c - +2 buckler "Wuickal" {rN+ Int-4 SInv}
rNeg    + . .      Spirit   .   b - +0 scale mail
rPois   .          Reflect  .   l - +0 helmet
rElec   .          Harm     .   (no cloak)
rCorr   +          Rampage  .   (no gloves)
Will    .....                   m - +2 pair of boots
Stlth   ..........              g - amulet of regeneration
HPRegen 1.04/turn               (no ring)
MPRegen 0.11/turn               (no ring)

@: berserking (expiring), lethally poisoned (0 -> -1), flying, very quick
A: high MP 1, forlorn, divine attributes
a: no special abilities


You were on level 4 of the Dungeon.
You visited 1 branch of the dungeon, and saw 4 of its levels.

You collected 267 gold pieces.
You spent 184 gold pieces at shops.

Inventory:

Hand Weapons
 e - a +2 dagger of venom
 q - a +0 long sword
 s - the +3 falchion of Winter (weapon) {venom, rCorr}
   (You bought it in a shop on level 3 of the Dungeon)

   It poisons the flesh of those it strikes.
   rCorr:     It protects you from acid and corrosion.
Missiles
 i - 9 stones (quivered)
 r - 4 boomerangs
 y - 12 poisoned darts
Armour
 b - a +0 scale mail (worn)
 c - the +2 buckler "Wuickal" (worn) {rN+ Int-4 SInv}
   (You acquired it on level 1 of the Dungeon)

   Int:       It affects your intelligence (-4).
   rN:        It protects you from negative energy.
   SInv:      It lets you see invisible.
 l - a +0 helmet (worn)
 m - a +2 pair of boots (worn)
Jewellery
 g - an amulet of regeneration (around neck)
Wands
 k - a wand of mindburst (12)
 z - a wand of flame (14)
Scrolls
 j - 2 scrolls of identify {unknown}
 o - a scroll of immolation {unknown}
 u - 2 scrolls of enchant weapon {unknown}
 v - a scroll of blinking {unknown}
 w - a scroll of vulnerability {unknown}
 x - a scroll of fog {unknown}
Potions
 a - a potion of ambrosia {unknown}
 d - a potion of might
 f - a potion of haste {unknown}
 h - a potion of attraction {unknown}


   Skills:
 * Level 4.0 Fighting
 + Level 1.0(3.0) Short Blades
 + Level 4.4(4.5) Long Blades
 + Level 2.7 Throwing
 + Level 4.2 Armour
 + Level 1.8 Dodging
 + Level 0.4 Stealth
 + Level 3.5 Shields
 * Level 1.6 Evocations


You had 6 spell levels left.
You didn't know any spells.
Your spell library contained the following spells:

 Spells                   Type           Power      Damage    Failure   Level
 Apportation              Tloc           0%         N/A       86%         1
 Necrotise                Necr           0%         1d4       86%         1
 Sting                    Tmut/Pois      0%         1d3       86%         1
 Summon Small Mammal      Summ           0%         N/A       86%         1
 Ensorcelled Hibernation  Hex/Ice        0%         N/A       95%         2
 Poisonous Vapours        Pois/Air       0%         N/A       95%         2
 Spider Form              Tmut/Pois      0%         N/A       99%         3
 Anguish                  Hex/Necr       0%         N/A       100%        4
 Olgreb's Toxic Radiance  Pois           0%         N/A       100%        4


Dungeon Overview and Level Annotations

Branches:
Dungeon (4/15)
 Temple: D:4-7

Shops:
D:3 (


Innate Abilities, Weirdness & Mutations

You have an increased reservoir of magic. (+10% MP)
You shall have no god before yourself.
Your divine heritage dramatically boosts your attributes as you level up.


Message History

You feel very sick.
The water moccasin bites you but does no damage.
Unknown command.
You slash the water moccasin!
The water moccasin is severely wounded.
You feel very sick. The water moccasin bites you!
You are more poisoned.
The water moccasin poisons you! The water moccasin bites you.
It was a potion of flight.
You feel very buoyant.
You fly up into the air.
You feel very sick. The water moccasin bites you.
* * * LOW HITPOINT WARNING * * *
It was a potion of magic.
Magic courses through your body.
* * * LOW HITPOINT WARNING * * *
You feel very sick. You block the water moccasin's attack.
The water moccasin bites you but does no damage.
It was a potion of berserk rage.
A red film seems to cover your vision as you go berserk!
You feel yourself moving faster!
You feel mighty!
You feel very sick. The water moccasin barely misses you.
You closely miss the water moccasin.
The water moccasin is severely wounded.
You feel sick. The water moccasin barely misses you.
You closely miss the water moccasin.
The water moccasin is severely wounded.
You feel sick. The water moccasin bites you.
* * * LOW HITPOINT WARNING * * *
You slash the water moccasin!
The water moccasin is poisoned.
The water moccasin is almost dead.
* * * LOW HITPOINT WARNING * * *
You feel sick.
The water moccasin bites you but does no damage.
You miss the water moccasin.
The water moccasin is almost dead.
You die...

#..# ####. #..#
#### #..# # #
###..# ####
##.##.. ###.....
.#....###.[....#
##..o.###......#'#
#Oo.###......###†#
#S###......###.†.#
#@#......###.).###
#......###...###.#
##......##..##...#
###......##....###
#.##......##..##.#
#..##......##....#
##..##......##..##
#....##......##..#
#.##..##......##.#


You could see a water moccasin (very poisoned), an ogre and an orc.

Vanquished Creatures
  Eustachio (D:4)
  A black bear (D:4)
  2 ogres (D:4)
  A phantom (D:4)
  A howler monkey (D:4)
  2 hounds (D:4)
  An orc priest (D:4)
  An iguana (D:4)
  An orc wizard (D:4)
  Natasha (twice) (D:4)
  3 gnolls (D:2)
  2 adders (D:2)
  An ufetubus (D:4)
  2 worms
  3 dart slugs
  7 orcs
  6 endoplasms
  A giant cockroach (D:1)
  8 goblins
  12 hobgoblins
  7 jackals
  8 kobolds
  4 quokkas
  5 ball pythons
  2 bats
  4 frilled lizards
  5 rats
93 creatures vanquished.

Notes
Turn   | Place    | Note
-------+----------+-------------------------------------------
     0 | D:1      | Kazon the Demigod Fighter began the quest for the Orb.
     0 | D:1      | Reached XP level 1. HP: 18/18 MP: 3/3
    48 | D:1      | Identified a scroll of acquirement
    48 | D:1      | Acquired the +2 buckler "Wuickal" {rN+ Int-4 SInv}
   275 | D:1      | Reached XP level 2. HP: 23/25 MP: 4/4
   810 | D:2      | Reached XP level 3. HP: 22/30 MP: 5/5
   838 | D:3      | Found Umat's Antique Weapon Boutique.
  1278 | D:2      | Reached XP level 4. HP: 38/38 MP: 6/6
  1635 | D:3      | Bought a crude falchion for 184 gold pieces
  1635 | D:3      | Identified the +3 falchion of Winter {venom, rCorr} (You
                  | bought it in a shop on level 3 of the Dungeon)
  1665 | D:3      | Reached skill level 1 in Throwing
  2187 | D:4      | Noticed an ogre
  2196 | D:4      | Killed an ogre
  2197 | D:4      | Reached skill level 1 in Dodging
  2197 | D:4      | Reached XP level 5. HP: 22/45 MP: 7/7
  2336 | D:4      | Noticed Natasha
  2340 | D:4      | Killed Natasha
  2341 | D:4      | Reached skill level 1 in Short Blades
  2432 | D:4      | Reached XP level 6. HP: 51/51 MP: 8/8
  2731 | D:4      | Noticed Eustachio
  2736 | D:4      | Noticed Natasha
  2742 | D:4      | Killed Natasha
  2758 | D:4      | Killed Eustachio
  2887 | D:4      | Reached skill level 1 in Evocations
  2887 | D:4      | Reached XP level 7. HP: 56/58 MP: 9/9
  2995 | D:4      | HP: 2/88 [water moccasin (6)]
  2997 | D:4      | Succumbed to a water moccasin's poison

Illustrated notes

Levels and vault maps discovered:
D:1:      dpeg_arrival_three_smaller_balls, layout_basic
D:2:      layout_loops_ring
D:3:      layout_basic, serial_shops, nicolae_shop_stone, st_stairs_7
D:4:      minmay_razor_zed, layout_basic, worldfamousw_hep_ancestral_shrine,
          uniq_eustachio, uniq_natasha

Skill      XL: |  1  2  3  4  5  6  7 |
---------------+----------------------+-----
Long Blades    | 2 3 4 |  4.4
Armour         | 3 4 |  4.2
Fighting       | 3 4 |  4.0
Shields        | 3 |  3.5
Throwing       | 1 2 |  2.7
Dodging        | 1 |  1.8
Short Blades   | 1 |  1.0
Evocations     | 1 |  1.6
Stealth        | |  0.4

Action                   |  1- 3 |  4- 6 |  7- 9 || total
-------------------------+-------+-------+-------++-------
Melee: Long sword        |   103 |       |       ||   103
       Dagger            |    23 |    11 |       ||    34
       Falchion          |       |   117 |    40 ||   157
Throw: Stone             |     3 |    10 |       ||    13
       Dart              |       |    10 |       ||    10
  Use: Scroll            |     1 |       |       ||     1
       Potion            |       |       |     3 ||     3
Armor: Scale mail        |    58 |    48 |    16 ||   122
Dodge: Dodged            |    73 |    63 |    19 ||   155
Block: Buckler           |    49 |    43 |     9 ||   101
